 Dungeon Crawl Stone Soup version 0.23.0 (webtiles) character file.

Game seed: 14007777676350168588

4999 Morgius the Magician (level 10, -6/79 HPs)
             Began as a Gnoll Skald on Feb 15, 2019.
             Was a High Priest of Cheibriados.
             Mangled by a porcupine (9 damage)
             ... on level 10 of the Dungeon.
             The game lasted 00:16:49 (7356 turns).

Morgius the Magician (Gnoll Skald)                  Turns: 7356, Time: 00:16:49

Health: -6/79      AC: 10    Str: 29    XL:     10   Next: 54%
Magic:  15/21      EV: 20    Int: 31    God:    Cheibriados [*****.]
Gold:   646        SH:  0    Dex: 29    Spells: 22/23 levels left

rFire    . . .     SeeInvis .   u - +2 war axe (elec)
rCold    . . .     Gourm    .   (no shield)
rNeg     . . .     Faith    .   D - +1 steam dragon scales
rPois    .         Spirit   .   (no helmet)
rElec    .         Reflect  .   (no cloak)
rCorr    .         Harm     .   q - +0 pair of gloves
MR       .....                  g - +1 pair of boots
Stlth    +++++.....             h - amulet of regeneration
HPRegen  0.63/turn              t - ring of wizardry
MPRegen  0.17/turn              o - ring of stealth

@: infused, very slow
A: distributed training, fangs 1, strong nose
a: Bend Time, Temporal Distortion, Slouch, Step From Time, Renounce Religion


You were on level 10 of the Dungeon.
You worshipped Cheibriados.
Cheibriados was extremely pleased with you.
You were not hungry.

You visited 1 branch of the dungeon, and saw 10 of its levels.

You collected 646 gold pieces.

Inventory:

Hand Weapons
 a - a +4 quarterstaff of chaos
 u - a +2 war axe of electrocution (weapon)
Armour
 g - a +1 pair of boots (worn)
 q - a +0 pair of gloves (worn)
 D - +1 steam dragon scales (worn)
Jewellery
 h - an amulet of regeneration (around neck)
 o - a ring of stealth (right hand)
 t - a ring of wizardry (left hand)
Wands
 C - a wand of iceblast (6)
Scrolls
 b - a scroll of magic mapping
 c - a scroll of remove curse
 i - 2 scrolls of fear
 l - 14 scrolls of identify
 p - 7 scrolls of teleportation
 z - 2 scrolls of blinking
 A - a scroll of fog {unknown}
 B - a scroll of amnesia
Potions
 e - 4 potions of heal wounds
 f - 3 potions of curing {unknown}
 j - 3 potions of magic {unknown}
 k - a potion of mutation {unknown}
 n - 4 potions of lignification {unknown}
 r - 4 potions of agility {unknown}
 s - 3 potions of haste {unknown}
 v - 4 potions of flight {unknown}
 w - 2 potions of berserk rage {unknown}
 x - 2 potions of might {unknown}
Comestibles
 d - 23 rations


   Skills:
 + Level 7.1 Fighting
 + Level 5.3 Short Blades
 + Level 7.1 Long Blades
 + Level 5.3 Axes
 + Level 5.3 Maces & Flails
 + Level 5.3 Polearms
 + Level 5.3 Staves
 + Level 5.3 Slings
 + Level 5.3 Bows
 + Level 5.3 Crossbows
 + Level 5.3 Throwing
 + Level 5.9 Armour
 + Level 7.1 Dodging
 + Level 5.3 Stealth
 + Level 5.3 Shields
 + Level 5.3 Unarmed Combat
 + Level 7.3 Spellcasting
 + Level 4.3 Conjurations
 + Level 4.3 Hexes
 + Level 7.1 Charms
 + Level 4.3 Summonings
 + Level 4.3 Necromancy
 + Level 4.3 Translocations
 + Level 4.3 Transmutations
 + Level 4.3 Fire Magic
 + Level 4.3 Ice Magic
 + Level 4.3 Air Magic
 + Level 4.3 Earth Magic
 + Level 4.3 Poison Magic
 + Level 5.8 Invocations
 + Level 5.3 Evocations


You had 22 spell levels left.
You knew the following spells:

 Your Spells              Type           Power        Failure   Level  Hunger
a - Infusion              Chrm           ####         1%          1    None

Your spell library contained the following spells:

 Spells                   Type           Power        Failure   Level  Hunger
 Confusing Touch          Hex            #####.       1%          1    None
 Shroud of Golubria       Chrm/Tloc      #####.....   1%          2    None
 Song of Slaying          Chrm           ######..     1%          2    None
 Confuse                  Hex            #####...     1%          3    None
 Gell's Gravitas          Tloc           #####.....   1%          3    None
 Regeneration             Chrm/Necr      #####.....   1%          3    None
 Spectral Weapon          Hex/Chrm       #####...     1%          3    None
 Petrify                  Tmut/Erth      #####...     2%          4    ##.....
 Metabolic Englaciation   Hex/Ice        #####.....   9%          5    ####...
 Yara's Violent Unravell  Hex/Tmut       #####.....   9%          5    ####...


Dungeon Overview and Level Annotations

Branches:
Dungeon (10/15)            Temple (0/1) D:5            Lair (0/6) D:10
    Orc: D:9-12

Altars:
Ashenzari
Cheibriados
Elyvilon
Nemelex Xobeh
Okawaru
Sif Muna
Wu Jian
Zin

Shops:
D:9 :


Innate Abilities, Weirdness & Mutations

Your experience applies equally to all skills.
You have very sharp teeth.
Your uncanny sense of smell can sniff out nearby items.


Message History

The porcupine bites you.
* * * LOW HITPOINT WARNING * * *
The porcupine misses you.
The porcupine bites you but does no damage.
The black bear barely misses you. The black bear claws you.
* * * LOW HITPOINT WARNING * * *
The black bear closely misses you. The porcupine completely misses you.
The porcupine barely misses you. The porcupine bites you.
* * * LOW HITPOINT WARNING * * *
Found a paperback book and a ration.
You are struck by the porcupine's spines.
* * * LOW HITPOINT WARNING * * *
You slash the porcupine!
You bite the porcupine, but do no damage.
The porcupine is severely wounded.
You slash the porcupine! You hit the fungus.
Lightning courses through the fungus! You hit the black bear!
Lightning courses through the black bear!
The porcupine bites you!
You die...

.#....../>.....#....
%:...#.......##...##....
#######.#..#.....####.(..
.©.........###....# #....
...........##..#..# #....
...........#.PP..P## #....
...........#....P....#....
#.................P.......
#.......h@P..P.PPP.P......
#.......rr..PPP..P.....##.
#..........PPPPPP.P....#..
#....(....PPP...PP.P.. #.#
.....##††PPP.P.P.PP. #..
.........P.....PP.PP ..#
.....#.P..P.PPPPPP.P ..#
.... ##...PP.PP>P.P ...
#P....P..P.P.


You could see a black bear and 2 porcupines.

Vanquished Creatures
  A hornet (D:10)
  A hippogriff (D:9)
  Sigmund (D:6)
  4 hogs (D:7)
  A human (D:7)
  A steam dragon (D:9)
  A hungry ghost (D:10)
  3 porcupines (D:10)
  Duvessa (D:6)
  2 orc warriors
  An ice beast (D:7)
  A necrophage (D:8)
  A phantom (D:4)
  3 ogres
  3 centaurs
  A crocodile (D:9)
  6 bullfrogs
  Dowan (D:6)
  A wyvern zombie (D:6)
  A wyvern skeleton (D:8)
  2 scorpions
  2 crimson imps
  A bullfrog zombie (D:8)
  A bullfrog skeleton (D:6)
  A centaur zombie (D:9)
  5 orc priests
  5 hounds
  4 jellies
  10 orc wizards
  2 iguanas (D:5)
  Crazy Yiuf (D:6)
  Natasha (D:4)
  7 worker ants
  A hound skeleton (D:4)
  A worker ant zombie (D:10)
  A howler monkey skeleton (D:6)
  2 howler monkey zombies (D:6)
  3 adders
  11 gnolls
  2 oozes
  2 adder skeletons
  4 worms
  6 dart slugs
  4 leopard geckos
  22 orcs
  6 bats
  7 giant cockroaches
  6 goblins
  3 hobgoblins
  4 jackals (D:2)
  4 kobolds
  8 quokkas
  A ball python (D:2)
  A ball python zombie (D:6)
  7 frilled lizards
  A leopard gecko skeleton (D:4)
  A leopard gecko zombie (D:5)
  4 rats
  A fungus (D:10)
190 creatures vanquished.

Vanquished Creatures (others)
  A frilled lizard (D:1)
  7 fungi (D:10)
8 creatures vanquished.

Grand Total: 198 creatures vanquished

Notes
Turn   | Place    | Note
-------+----------+-------------------------------------------
     0 | D:1      | Morgius the Gnoll Skald began the quest for the Orb.
     0 | D:1      | Reached XP level 1. HP: 20/20 MP: 6/6
   103 | D:1      | Reached XP level 2. HP: 14/26 MP: 7/7
   160 | D:1      | Found a snail-covered altar of Cheibriados.
   215 | D:1      | You fall through a shaft!
   283 | D:1      | Became a worshipper of Cheibriados the Contemplative
   486 | D:1      | Reached XP level 3. HP: 30/31 MP: 9/9
   690 | D:2      | Reached skill level 5 in Spellcasting
   785 | D:2      | Reached skill level 1 in Invocations
   860 | D:2      | HP: 1/31 [worm (10)]
  1207 | D:2      | Reached * piety under Cheibriados
  1207 | D:2      | Reached skill level 1 in Short Blades
  1207 | D:2      | Reached skill level 1 in Axes
  1207 | D:2      | Reached skill level 1 in Maces & Flails
  1207 | D:2      | Reached skill level 1 in Polearms
  1207 | D:2      | Reached skill level 1 in Staves
  1207 | D:2      | Reached skill level 1 in Slings
  1207 | D:2      | Reached skill level 1 in Bows
  1207 | D:2      | Reached skill level 1 in Crossbows
  1207 | D:2      | Reached skill level 1 in Throwing
  1207 | D:2      | Reached skill level 1 in Stealth
  1207 | D:2      | Reached skill level 1 in Shields
  1207 | D:2      | Reached skill level 1 in Unarmed Combat
  1207 | D:2      | Reached skill level 1 in Evocations
  1257 | D:2      | Reached XP level 4. HP: 38/38 MP: 11/11
  1445 | D:2      | Reached skill level 1 in Conjurations
  1445 | D:2      | Reached skill level 1 in Hexes
  1445 | D:2      | Reached skill level 1 in Summonings
  1445 | D:2      | Reached skill level 1 in Necromancy
  1445 | D:2      | Reached skill level 1 in Translocations
  1445 | D:2      | Reached skill level 1 in Transmutations
  1445 | D:2      | Reached skill level 1 in Fire Magic
  1445 | D:2      | Reached skill level 1 in Ice Magic
  1445 | D:2      | Reached skill level 1 in Air Magic
  1445 | D:2      | Reached skill level 1 in Earth Magic
  1445 | D:2      | Reached skill level 1 in Poison Magic
  1579 | D:2      | Reached XP level 5. HP: 35/43 MP: 12/12
  1843 | D:3      | Reached ** piety under Cheibriados
  1911 | D:3      | Found a deep blue altar of Sif Muna.
  2649 | D:4      | Noticed a phantom
  2843 | D:4      | Reached XP level 6. HP: 46/50 MP: 13/13
  3236 | D:4      | Noticed a phantom
  3249 | D:4      | Killed a phantom
  3249 | D:4      | Reached skill level 5 in Fighting
  3249 | D:4      | Reached skill level 5 in Long Blades
  3249 | D:4      | Reached skill level 5 in Dodging
  3376 | D:4      | Noticed Natasha
  3382 | D:4      | Killed Natasha
  3457 | D:5      | Entered Level 5 of the Dungeon
  3471 | D:5      | Reached XP level 7. HP: 51/56 MP: 15/15
  3478 | D:5      | Reached *** piety under Cheibriados
  3747 | D:5      | Found a staircase to the Ecumenical Temple.
  4142 | D:6      | Reached XP level 8. HP: 62/63 MP: 16/16
  4170 | D:6      | Found a white marble altar of Elyvilon.
  4170 | D:6      | Found a shattered altar of Ashenzari.
  4175 | D:6      | Found a sparkling altar of Nemelex Xobeh.
  4177 | D:6      | Found a faded altar of an unknown god.
  4179 | D:6      | Found a glowing silver altar of Zin.
  4259 | D:6      | Noticed Duvessa
  4259 | D:6      | Noticed Dowan
  4269 | D:6      | Killed Duvessa
  4276 | D:6      | Killed Dowan
  4317 | D:6      | Reached **** piety under Cheibriados
  4350 | D:6      | Noticed Sigmund
  4572 | D:6      | Killed Sigmund
  4664 | D:6      | Found a runed translucent door.
  4665 | D:6      | Noticed Crazy Yiuf
  4673 | D:6      | Killed Crazy Yiuf
  4914 | D:7      | Reached XP level 9. HP: 63/69 MP: 18/18
  4916 | D:7      | Found an iron altar of Okawaru.
  4998 | D:7      | Reached skill level 5 in Armour
  5364 | D:7      | Found a snail-covered altar of Cheibriados.
  5378 | D:7      | Found an ornate altar of the Wu Jian Council.
  5527 | D:7      | Reached ***** piety under Cheibriados
  5955 | D:8      | Reached skill level 5 in Invocations
  6396 | D:8      | Reached XP level 10. HP: 77/77 MP: 20/20
  6704 | D:9      | Found Gysudoes's Book Shop.
  6941 | D:9      | Reached skill level 5 in Short Blades
  6941 | D:9      | Reached skill level 5 in Axes
  6941 | D:9      | Reached skill level 5 in Maces & Flails
  6941 | D:9      | Reached skill level 5 in Polearms
  6941 | D:9      | Reached skill level 5 in Staves
  6941 | D:9      | Reached skill level 5 in Slings
  6941 | D:9      | Reached skill level 5 in Bows
  6941 | D:9      | Reached skill level 5 in Crossbows
  6941 | D:9      | Reached skill level 5 in Throwing
  6941 | D:9      | Reached skill level 5 in Stealth
  6941 | D:9      | Reached skill level 5 in Shields
  6941 | D:9      | Reached skill level 5 in Unarmed Combat
  6941 | D:9      | Reached skill level 5 in Evocations
  7237 | D:10     | Entered Level 10 of the Dungeon
  7333 | D:10     | Found a staircase to the Lair.
  7356 | D:10     | HP: 2/79 [porcupine's spines (10)]
  7356 | D:10     | Mangled by a porcupine

Skill      XL: |  1  2  3  4  5  6  7  8  9 10 |
---------------+-------------------------------+-----
Spellcasting   | 5 6 7 |  7.3
Invocations    | 1 2 3 4 5 |  5.8
Short Blades   | 1 2 3 4 5 |  5.3
Axes           | 1 2 3 4 5 |  5.3
Maces & Flails | 1 2 3 4 5 |  5.3
Polearms       | 1 2 3 4 5 |  5.3
Staves         | 1 2 3 4 5 |  5.3
Slings         | 1 2 3 4 5 |  5.3
Bows           | 1 2 3 4 5 |  5.3
Crossbows      | 1 2 3 4 5 |  5.3
Throwing       | 1 2 3 4 5 |  5.3
Stealth        | 1 2 3 4 5 |  5.3
Shields        | 1 2 3 4 5 |  5.3
Unarmed Combat | 1 2 3 4 5 |  5.3
Evocations     | 1 2 3 4 5 |  5.3
Conjurations   | 1 2 3 4 |  4.3
Hexes          | 1 2 3 4 |  4.3
Summonings     | 1 2 3 4 |  4.3
Necromancy     | 1 2 3 4 |  4.3
Translocations | 1 2 3 4 |  4.3
Transmutations | 1 2 3 4 |  4.3
Fire Magic     | 1 2 3 4 |  4.3
Ice Magic      | 1 2 3 4 |  4.3
Air Magic      | 1 2 3 4 |  4.3
Earth Magic    | 1 2 3 4 |  4.3
Poison Magic   | 1 2 3 4 |  4.3
Armour         | 3 4 5 |  5.9
Fighting       | 5 6 7 |  7.1
Long Blades    | 5 6 7 |  7.1
Dodging        | 5 6 7 |  7.1
Charms         | 6 7 |  7.1

Action                   |  1- 3 |  4- 6 |  7- 9 | 10-12 || total
-------------------------+-------+-------+-------+-------++-------
Melee: Falchion          |   112 |    56 |       |       ||   168
       Bite              |    14 |    18 |    42 |    18 ||    92
       War axe           |       |    91 |   215 |    88 ||   394
       Punch             |       |     2 |     2 |     4 ||     8
 Cast: Infusion          |       |     2 |     4 |     1 ||     7
  Use: Scroll            |       |       |    11 |     1 ||    12
 Stab: Sleeping          |       |    10 |    12 |     2 ||    24
       Distracted        |       |     1 |       |       ||     1
  Eat: Chunk             |     1 |     4 |     5 |     2 ||    12
       Ration            |       |       |       |     1 ||     1
Armor: Leather armour    |    26 |    33 |    50 |       ||   109
       Ring mail         |       |       |     5 |    27 ||    32
       Steam dragon scal |       |       |       |    11 ||    11
Dodge: Dodged            |    92 |    94 |   231 |   102 ||   519
       Rpst.: Falchion   |    25 |    12 |       |       ||    37
